Unix NetHack Version 3.7.0-60 Work-in-progress - last build Jul 6 2022 04:07:24 (06ba40660c9036fc6131322abd8256e9296c6c06,branch:master). Game began 2022-07-09 14:55:47, ended 2022-07-09 15:11:08. finitelycraig, lawful female dwarven Valkyrie ----- ------ |...| |....| |.0.----..0.| |0........0.| |..--->---..| ---.---------| |.....|<^^^..| |..0.0|----..| |.....| |^-- |....[-----^| |.....))@.)o| ----------.o| ---- Finitelycraig the Skirmisher St:17 Dx:12 Co:20 In:10 Wi:9 Ch:8 Lawful Dlvl:5 $:72 HP:0(61) Pw:8(8) AC:4 Xp:5/274 T:1789 Latest messages: # You are now more skilled in long sword. You cannot pass that way. You cannot pass that way. You cannot pass that way. The Uruk-hai picks up an orcish helm. The Uruk-hai removes an orcish helm and puts on an orcish helm. You hit the Uruk-hai! You miss the Uruk-hai. The Uruk-hai hits! You kill the Uruk-hai! You cannot pass that way. It is hit. With great effort you move the boulder. The Woodland-elf picks up a food ration. It is hit. It is hit. There are several objects here. You hit the Woodland-elf. The Woodland-elf hits! You miss the Woodland-elf. The Woodland-elf hits! A poisoned orcish arrow misses you. A poisoned orcish arrow misses you. You hit the Woodland-elf! The Woodland-elf hits! You are hit by a poisoned orcish arrow. A poisoned orcish arrow misses you. You hit the Woodland-elf. The Woodland-elf hits! It is missed. You are hit by a poisoned orcish arrow. It is missed. A poisoned orcish arrow misses you. You kill the Woodland-elf! A poisoned orcish arrow misses you. You are hit by a poisoned orcish arrow. Valkyrie is about to die. # With great effort you move the boulder. A poisoned orcish arrow misses you. You are almost hit by a poisoned orcish arrow. The boulder fills a pit. The Uruk-hai wields an orcish short sword! The Uruk-hai shoots 2 poisoned orcish arrows! The Uruk-hai misfires! The 1st poisoned orcish arrow hits the Uruk-hai. The Uruk-hai is killed! You are hit by the 2nd poisoned orcish arrow. You die... Major events: Turn 1: finitelycraig the lawful dwarven Valkyrie entered the dungeon 285: entered the Gnomish Mines 724: attained the rank of Skirmisher (level 3) 1653: entered Sokoban 1789: killed by an orcish arrow Inventory: Weapons (')') b - an uncursed +0 dagger (alternate weapon; not wielded) a - an uncursed corroded +1 long sword (weapon in hand) Armor ('[') y - an uncursed +0 orcish helm v - an uncursed +0 pair of gauntlets of dexterity (being worn) w - an uncursed +0 pair of low boots (being worn) k - an uncursed +0 pair of water walking boots c - an uncursed +3 small shield (being worn) Comestibles ('%') F - an uncursed cram ration d - an uncursed food ration G - 2 uncursed food rations l - an uncursed fortune cookie h - a cursed lembas wafer Scrolls ('?') A - an uncursed scroll of enchant armor o - an uncursed scroll of enchant weapon r - a blessed scroll of fire Potions ('!') B - an uncursed potion of blindness e - an uncursed potion of confusion n - a cursed potion of enlightenment p - an uncursed potion of hallucination z - an uncursed potion of monster detection C - an uncursed potion of see invisible m - a cursed potion of speed Rings ('=') E - an uncursed ring of conflict Tools ('(') t - an uncursed blindfold D - an uncursed skeleton key u - an uncursed tin opener g - a cursed tinning kit (0:80) Gems/Stones ('*') f - a cursed jade stone q - an uncursed worthless piece of violet glass i - a cursed worthless piece of violet glass Finitelycraig the Valkyrie's attributes: Background: You were a Skirmisher, a level 5 dwarven Valkyrie. You were lawful, nominally on a mission for Tyr who was opposed by Odin (neutral) and Loki (chaotic). You were in Sokoban, on level 5. You entered the dungeon 1789 turns ago. You had 274 experience points, 46 more were needed to attain level 6. Basics: You had 0 out of 61 hit points. You had all 8 energy points (spell power). Your armor class was 4. Your wallet contained 72 zorkmids. Autopickup was on for '$?!"=/*', with exceptions. Final Characteristics: Your strength was 17 (limit:18/100). Your dexterity was 12 (limit:20). Your constitution was 20 (limit:20). Your intelligence was 10 (limit:16). Your wisdom was 9 (limit:16). Your charisma was 8 (limit:16). Final Status: You were not hungry. You were unencumbered. You were wielding a long sword. You were skilled in long sword. Final Attributes: You were devoutly aligned. You were cold resistant. You had infravision. You were stealthy. You are dead. Miscellaneous: You disabled loading of bones levels. Total elapsed playing time was 15 minutes and 21 seconds. Vanquished creatures: a Woodland-elf an imp 4 Uruk-hai a rock piercer a rock mole a shrieker a gray ooze a giant ant a little dog a floating eye a homunculus a kobold leader 2 hill orcs a rothe a monkey a werejackal an iguana 2 acid blobs a gas spore a green mold a gnome zombie a gecko 3 foxes a kobold 2 goblins 4 grid bugs a kobold zombie 5 newts 43 creatures vanquished. No species were genocided or became extinct. Voluntary challenges: You were an atheist. You were illiterate. You never engraved Elbereth. You never genocided any monsters. You never polymorphed an object. You never changed form. You used no wishes. You did not violate any of the special Sokoban rules. Achievements: You entered the Gnomish Mines. You attained the rank of Skirmisher. You entered a shop. You entered Sokoban. The Dungeons of Doom: levels 1 to 7 Level 1: Level 2: Level 3: A grave. Stairs down to The Gnomish Mines. Level 4: "vault" An armor shop, many fountains. Level 5: Many fountains. Oracle of Delphi. Level 6: Stairs up to Sokoban, level 5. Level 7: The Gnomish Mines: Level 4: Sokoban: Level 5: <- You were here. Unsolved. Final resting place for you, killed by an orcish arrow. Game over: ---------- / \ / REST \ / IN \ / PEACE \ / \ | finitelycraig | | 72 Au | | killed by an | | orcish arrow | | | | | | 2022 | *| * * * | * _________)/\\_//(\/(/\)/\//\/|_)_______ Farvel finitelycraig the Valkyrie... You died in Sokoban on dungeon level 5 with 1471 points, and 72 pieces of gold, after 1789 moves. You were level 5 with a maximum of 61 hit points when you died.